 Dungeon Crawl Stone Soup version 0.17-a0-1105-gbe8b664 (webtiles) character file.

1255298 YOLOxTooMuchSWAGooEE the Plane Walker (level 26, 126/126 HPs)
             Began as a Felid Wizard on May 20, 2015.
             Was the Champion of Sif Muna.
             Escaped with the Orb
             ... and 3 runes on May 21, 2015!
             The game lasted 10:27:15 (145294 turns).

YOLOxTooMuchSWAGooEE the Plane Walker (FeWz)      Turns: 145294, Time: 10:27:15

Health: 126/126    AC:  9    Str:  7    XL:     26   Next: 68%
Magic:  39/49      EV: 35    Int: 32    God:    Sif Muna [******]
Gold:   3533       SH:  2    Dex: 17    Spells: 12 memorised, 4 levels left
                                        Lives:  2   Deaths: 3

rFire  + . .     SeeInvis +       - Unarmed
rCold  . . .     Clarity  .     (armour unavailable)
rNeg   . . .     SustAb   .     (shield unavailable)
rPois  .         Gourm    .     (helmet unavailable)
rElec  .         Spirit   .     (cloak unavailable)
rCorr  .         Warding  .     (gloves unavailable)
rMut   +         Stasis   .     (boots unavailable)
MR     +++++                    k - amulet of resist mutation
Stlth  +++.......               l - ring of Plog {MR+++ Int+5 Slay+3 Stlth-}
                                x - ring "Fiqamem" {Fire Str+3}

@: very slightly contaminated, hasted, deflect missiles, very quick, almost
entirely resistant to hostile enchantments, fairly stealthy
A: no armour, no weapons or thrown items, claws 1, fangs 3, large bone plates 1,
rough black scales 1, see invisible, carnivore 3, speed 1, sense surroundings 1,
shaggy fur 3, slow metabolism 1, sharp paws
a: Channel Energy, Forget Spell, Renounce Religion
0: Orb of Zot
}: 3/15 runes: barnacled, slimy, gossamer


You escaped.
You worshipped Sif Muna.
Sif Muna was exalted by your worship.
You were not hungry.

You visited 12 branches of the dungeon, and saw 63 of its levels.
You also visited: Trove, Ice Cave and Volcano.

You collected 8094 gold pieces.
You spent 4561 gold pieces at shops.

Inventory:

Jewellery
 a - an uncursed ring of poison resistance
 e - the amulet of the Four Winds {Clar rN+ MR+++}
   (You bought it in a shop on level 1 of the Vaults)

   [amulet of clarity]

   It provides mental clarity.
   It protects you from negative energy.
   It affects your resistance to hostile enchantments.
 i - an uncursed ring of teleport control
 k - an amulet of resist mutation (around neck)
 l - the ring of Plog (right paw) {MR+++ Int+5 Slay+3 Stlth-}
   (You found it on level 7 of the Lair of Beasts)

   [ring of slaying]

   It affects your intelligence (+5).
   It affects your accuracy and damage with ranged weapons and melee attacks
   (+3).
   It affects your resistance to hostile enchantments.
   It makes you less stealthy.
 m - an uncursed amulet of guardian spirit
 n - the ring of Midnight {Wiz Dex+5 Stlth-}
   (You bought it in a shop on level 1 of the Vaults)

   [ring of wizardry]

   It improves your spell success rate.
   It affects your dexterity (+5).
   It makes you less stealthy.
 q - an uncursed ring of magical power
 u - the amulet of Bylastrag {rCorr rPois}
   (You bought it in a shop on level 1 of the Vaults)

   [amulet of resist corrosion]

   It protects you from acid and corrosion.
   It protects you from poison.
 x - the ring "Fiqamem" (left paw) {Fire Str+3}
   (You bought it in a shop on level 1 of the Vaults)

   [ring of fire]

   It enhances your fire magic, and weakens your ice magic.
   It affects your strength (+3).
   It protects you from fire.
   It makes you vulnerable to cold.
 G - the amulet "Vualic" {Clar *Contam rElec rPois Dex+2}
   (You found it on level 6 of the Pits of Slime)

   [amulet of clarity]

   It provides mental clarity.
   It affects your dexterity (+2).
   It insulates you from electricity.
   It protects you from poison.
   It causes magical contamination when unequipped.
Magical devices
 d - a wand of teleportation (5)
 h - a wand of disintegration (7)
 C - a wand of teleportation (4)
 E - a wand of draining (5)
 M - a wand of heal wounds (1)
 N - a wand of hasting (5)
 O - a wand of heal wounds (4)
 P - a wand of hasting (6)
 R - a wand of invisibility (6)
 U - a wand of heal wounds (4)
 W - a wand of digging (5)
 X - a wand of digging (0)
Scrolls
 c - 16 scrolls of remove curse
 f - 4 scrolls of fog
 j - 4 scrolls of identify
 y - 11 scrolls of recharging
 z - 6 scrolls of teleportation
 I - a scroll of amnesia
 K - 6 scrolls of summoning
 Q - 8 scrolls of fear
 V - 3 scrolls of holy word
 Y - 3 scrolls of magic mapping
 Z - a scroll of blinking
Potions
 g - 5 potions of haste
 o - 4 potions of flight
 p - 10 potions of curing
 v - a potion of invisibility
 A - 2 potions of agility
 F - 4 potions of berserk rage
 J - a potion of cure mutation
 T - 3 potions of cancellation
Books
 B - the Volume of Summoning
   (You found it on level 2 of the Realm of Zot)

   Spells                             Type                      Level
   a - Call Canine Familiar           Summoning                    3
   b - Recall                         Summoning/Translocation      3
   c - Summon Ice Beast               Ice/Summoning                4
   d - Summon Hydra                   Summoning                    7
 D - a book of Spatial Translocations

   Spells                             Type                      Level
   a - Apportation                    Translocation                1
   b - Blink                          Translocation                2
   c - Shroud of Golubria             Charms/Translocation         2
   d - Portal Projectile              Translocation                3
   e - Teleport Other                 Translocation                3
   f - Passage of Golubria            Translocation                4
Miscellaneous
 H - a lantern of shadows
 S - a plain deck of summoning
Comestibles
 b - 13 meat rations
 s - 4 beef jerkies


   Skills:
 - Level 18.0 Fighting
 - Level 21.1 Dodging
 + Level 16.2 Stealth
 - Level 2.6 Unarmed Combat
 - Level 21.0 Spellcasting
 - Level 13.1 Conjurations
   Level 4.7 Hexes
 - Level 11.4 Charms
   Level 8.4 Summonings
 - Level 4.0 Necromancy
 O Level 27 Translocations
 - Level 9.0 Ice Magic
 - Level 5.4 Air Magic
 - Level 5.0 Earth Magic
 - Level 15.1 Invocations


You had 4 spell levels left.
You knew the following spells:

 Your Spells              Type           Power        Failure   Level  Hunger
a - Orb of Destruction    Conj           #######...   4%          7    ##.....
b - Blink                 Tloc           N/A          0%          2    None
c - Deflect Missiles      Chrm/Air       ######....   6%          6    None
d - Freezing Cloud        Conj/Ice/Air   #####.....   4%          6    None
e - Haste                 Chrm           #######.     1%          6    None
f - Singularity           Tloc           ########..   3%          9    ######.
g - Condensation Shield   Ice            #####.....   1%          4    None
h - Controlled Blink      Tloc           N/A          1%          7    ##.....
i - Regeneration          Chrm/Necr      ######....   1%          3    None
j - Ozocubu's Armour      Chrm/Ice       #####...     1%          3    None
k - Iron Shot             Conj/Erth      ######....   4%          6    None
l - Ice Form              Ice/Trmt       ####....     1%          4    None


Dungeon Overview and Level Annotations

Branches:
Dungeon (15/15)            Temple (1/1) D:7            Lair (8/8) D:10
 Shoals (4/4) Lair:5       Spider (4/4) Lair:4        Slime (6/6) Lair:8
    Orc (4/4) D:12            Elf (3/3) Orc:3        Vaults (5/5) D:14
  Crypt (3/3)                Tomb (0/3) Crypt:3      Depths (5/5) D:15
    Zot (5/5) Depths:5

Altars:
Dithmenos
Elyvilon
Fedhas
Gozag
Kikubaaqudgha
Makhleb
Nemelex Xobeh
Qazlal
Ru
Sif Muna
Vehumet
Yredelemnul
Zin
The Shining One
Beogh
Jiyva

Shops:
D:13 [?[[   Orc:3 *   Orc:4 =%!?   Shoals:1 (   Shoals:2 *   Vaults:1 =?*((
Vaults:2 [[   Vaults:3 !

Portals:
Hell: Depths:1 Depths:2 Depths:3 Depths:4 Depths:5
Abyss: Depths:4
Pandemonium: Depths:1 Depths:3
Ziggurat: Depths:4

Annotations:
D:15 1 runed door
Lair:4 exclusion: oklob plant, Rupert
Slime:6 2 exclusions
Elf:2 5 runed doors
Elf:3 2 exclusions


Innate Abilities, Weirdness & Mutations

You cannot wear armour.
You are incapable of wielding weapons or throwing items.
You have sharp claws.
You have razor-sharp teeth.
You have supernaturally acute eyesight.
You are carnivorous and can eat meat at any time.
You cover ground quickly.
Your thick and shaggy fur keeps you warm (AC +3, rC+).
You have a slow metabolism.
Your sharp claws are effective at attacking unaware monsters.
You are partially covered in large bone plates (AC +2, SH +2).
You are partially covered in rough black scales (AC +4, Dex -1).
You passively map a small area around you.


Message History

Unknown command.
Casting: Freezing Cloud
Confirm with . or Enter, or press ? or * to list all spells.
Aiming: Haste
Press: ? - help, Shift-Dir - straight line, f - you, p - cherub You feel yourself speed up.
The cherub is engulfed in freezing vapours.
The cherub shoots a stone.
The stone completely misses you.
Unknown command.
The cherub is engulfed in freezing vapours.
The cherub shoots a stone.
You deflect the stone!
You see here a stone.
Unknown command.
The cherub is engulfed in freezing vapours.
The cherub shoots a stone.
The stone completely misses you.
You open the door.
There is an open door here.
There is a staircase leading out of the dungeon here.
Char dumped successfully.
You have escaped!

....# ## #..§# #.# #.# ###
###.##.# #§§§# #.# #.# ###### #
#.#.#* ##A####.###.# #...## #
#..# #§§§..(..##.# #.....
###.######.§####..##.# #...##
##...(....(..###..##.# ##.##
#.#.#()###..(.######.# #.#
.#####(######r#...###########.#
##♣PPP)PP♣P##('.@.'...........#
#
♣PP.).P#P####...#.#############
##♣P..§..P# ##+##(# ##..#
.#♣...(...♣ #[...# ###....
##♣≈..§...# ##...# #####....P.
.#P.....).♣ #..## #.......♣P.
##♣P.....#♣ #.#####.#####.... #
##P...PP# #.......# ##..# #
#P###PP# ######### ####


You could see a rat.

Vanquished Creatures
  An ancient lich (Crypt:3)
  The ghost of DEFE the Impregnable, a legendary TeFi of the Shining One (Crypt:3)
  A Killer Klown (Zot:5)
  Margery (Depths:5)
  2 golden dragons
  7 liches
  2 bone dragons
  Arachne (Spider:1)
  14 tentacled monstrosities
  A shard shrike skeleton (Crypt:2)
  4 Orb Guardians (Zot:5)
  2 deep elf blademasters
  10 acid blobs
  2 deep elf master archers (Elf:3)
  Polyphemus (Shoals:4)
  5 ancient champions
  A storm dragon (Zot:1)
  A tengu reaver (Depths:4)
  4 revenants
  A shadow dragon (Vaults:5)
  2 draconian monks (Zot:1)
  11 frost giants
  Ilsuiw (Shoals:4)
  8 azure jellies
  2 ghost moths
  3 deep elf sorcerers
  An iron dragon (Depths:4)
  A draconian knight (Zot:1)
  5 fire giants
  Louise (Shoals:4)
  15 vault wardens
  3 emperor scorpions
  4 curse skulls
  A draconian shifter (Zot:5)
  15 ghouls
  11 ironheart preservers
  A spriggan defender (Depths:4)
  4 very ugly things
  4 rakshasas (Depths:2)
  7 stone giants
  6 vampire knights
  13 deep elf demonologists
  A green draconian (Zot:2)
  Azrael (Orc:4)
  A yellow draconian (Zot:1)
  6 deep elf annihilators
  2 red draconians (Zot:1)
  5 white draconians
  An ettin (shapeshifter) (Depths:3)
  5 merfolk javelineers
  11 vault guards
  5 ettins
  10 great orbs of eyes
  3 deep elf death magi
  Erolcha (D:13)
  A death ooze (Slime:4)
  8 eidola
  6 merfolk impalers
  12 jiangshi
  2 deep elf high priests
  A hell beast (Depths:1)
  13 fire dragons
  8 death cobs
  11 yaktaur captains
  Harold (Lair:3)
  6 death knights
  A quicksilver dragon skeleton (Crypt:2)
  12 hydras
  A catoblepas (Shoals:4)
  9 ice dragons
  2 entropy weavers
  2 spriggan air magi
  6 dancing weapons
  A salamander stormcaller (Vaults:3)
  A deep troll shaman (Depths:4)
  3 merfolk avatars
  An alligator snapping turtle (Shoals:4)
  3 merfolk aquamancers (Shoals:4)
  2 satyrs
  16 ogre magi
  13 centaur warriors
  12 death yaks
  2 spriggan berserkers
  3 tengu warriors
  9 vampire magi
  A deep troll earth mage (Vaults:2)
  Urug (D:13)
  2 orc high priests
  A sun demon (D:12)
  Sonja (Orc:4)
  17 deep elf knights
  4 spriggans (Depths:4)
  A storm dragon zombie (Crypt:3)
  7 hell knights
  3 iron trolls
  45 skeletal warriors
  A fire crab (Lair:6)
  3 anaconda zombies (Crypt:3)
  7 shadow wraiths
  10 flayed ghosts
  A swamp dragon (shapeshifter) (Vaults:4)
  2 golden dragon zombies (Crypt:3)
  A ghost moth zombie (Crypt:2)
  4 deep trolls
  2 giant orange brains
  16 sea snakes
  4 wizards
  An unseen horror (D:15)
  A golden dragon skeleton (Crypt:2)
  2 ice statues (IceCv)
  A harpy (shapeshifter) (Vaults:1)
  A shadow dragon zombie (Crypt:3)
  19 deep elf summoners
  2 anaconda skeletons (Crypt:2)
  2 ice devils
  An anubis guard (shapeshifter) (Depths:3)
  10 hill giants
  12 deep elf conjurers
  13 ironbrand convokers
  A salamander (Depths:1)
  2 iron dragon zombies
  A sphinx zombie (Crypt:1)
  16 harpies
  15 manticores
  6 orc sorcerers
  A shadow dragon skeleton (Crypt:3)
  An orb spider (shapeshifter) (Vaults:2)
  A frost giant zombie (Crypt:2)
  11 hornets
  10 phantasmal warriors
  14 orc knights
  A human zombie (Vaults:4)
  30 wolf spiders
  A draconian zombie (Zot:1)
  A shining eye (Slime:6)
  19 orb spiders
  A rust devil (Depths:1)
  5 cyclopes
  9 griffons
  A fire giant zombie (Crypt:3)
  17 necromancers
  10 fauns
  A stone giant zombie (Crypt:3)
  3 water nymphs
  15 elephants
  30 ugly things
  A stone giant skeleton (Crypt:3)
  14 moths of wrath
  15 sirens
  13 human skeletons
  An elephant (shapeshifter) (Vaults:4)
  19 vault sentinels
  A dire elephant zombie (Crypt:2)
  2 centaur zombies
  11 black mambas
  A guardian serpent (Lair:8)
  2 gargoyles
  A dire elephant skeleton (Crypt:3)
  16 spiny frogs
  An efreet (D:13)
  5 komodo dragons
  3 fire drakes
  A spiny frog (shapeshifter) (Vaults:3)
  59 yaktaurs
  A queen bee (D:9)
  4 tengu conjurers
  A wind drake (shapeshifter) (Vaults:3)
  27 jumping spiders
  16 demonic crawlers
  4 trolls
  The ghost of HeyJoe the Conjurer, an experienced TeWz (D:5)
  A catoblepas skeleton (Crypt:2)
  11 deep elf priests
  42 two-headed ogres
  2 polar bears (shapeshifter)
  8 polar bears (Lair:8)
  2 wind drakes
  8 blue devils
  10 freezing wraiths
  A troll (shapeshifter) (Vaults:2)
  2 harpy zombies (Crypt:2)
  A death drake zombie (Crypt:1)
  A stone giant simulacrum (Vaults:4)
  13 blink frogs
  2 bog bodies
  24 merfolk
  7 boulder beetles
  A fire vortex (Vaults:3)
  A hydra skeleton (Crypt:1)
  A fire dragon zombie (Crypt:3)
  69 slime creatures
  9 snapping turtles
  3 ettin zombies
  8 ravens
  2 wolf spider simulacra
  3 raiju (Lair:8)
  8 shadows
  26 tarantellas
  3 air elementals
  A guardian serpent skeleton (Crypt:2)
  49 redbacks
  34 flying skulls
  10 water elementals
  4 vampires
  13 wraiths
  53 yaks
  25 trapdoor spiders
  2 fire dragon skeletons (Crypt:2)
  An orc simulacrum (Vaults:3)
  6 wyverns
  4 golden eyes
  5 basilisks
  A black mamba zombie (Crypt:1)
  A spriggan (shapeshifter) (Vaults:4)
  22 humans
  4 fire elementals (Orc:4)
  Grum (Lair:1)
  24 deep elf magi
  2 hungry ghosts
  A yaktaur simulacrum (Vaults:3)
  13 hippogriffs
  17 vampire mosquitoes
  Menkaure (D:7)
  29 deep elf fighters
  9 wargs
  4 mottled dragons
  A soldier ant (D:12)
  6 hell hounds
  14 wolves
  A wolf (shapeshifter) (Vaults:4)
  2 raven skeletons
  A soldier ant (shapeshifter) (Vaults:1)
  A porcupine (shapeshifter) (Depths:4)
  10 ice beasts
  17 porcupines
  A fire dragon simulacrum (Crypt:3)
  A hydra simulacrum (Crypt:1)
  4 phantoms
  30 water moccasins
  14 black bears
  5 sky beasts
  21 spiders
  A blink frog zombie (Crypt:1)
  73 ogres
  32 centaurs
  A black bear (shapeshifter) (Vaults:3)
  7 necrophages
  9 wasps
  2 eyes of draining
  An eye of draining (shapeshifter) (Vaults:4)
  42 orc warriors
  7 boggarts
  A big kobold (shapeshifter) (Vaults:5)
  5 lost souls
  A deep troll simulacrum (Vaults:3)
  2 big kobolds
  19 crocodiles
  23 giant frogs
  A wyvern skeleton (D:12)
  7 scorpions
  26 killer bees (D:9)
  4 electric eels
  20 wights
  30 orc priests
  8 crimson imps
  20 hounds
  A giant frog zombie (D:7)
  3 quasits
  A demonspawn zombie (Crypt:1)
  22 jellies
  4 centaur skeletons
  16 worker ants
  37 orc wizards
  10 iguanas
  A killer bee zombie (Crypt:2)
  24 sheep
  3 human simulacra
  2 tengu skeletons
  A hound skeleton (D:11)
  4 worker ant zombies
  26 adders
  4 gnolls
  57 river rats
  3 shadow imps
  16 white imps
  6 ufetubi (IceCv)
  4 worms (D:2)
  2 adder skeletons (D:9)
  A lava snake skeleton (Crypt:1)
  4 giant geckos
  189 orcs
  A bat skeleton (D:8)
  2 bat zombies (D:7)
  7 giant cockroaches
  A goblin (shapeshifter) (Depths:4)
  21 hobgoblins
  10 jackals
  31 kobolds
  4 quokkas
  7 ball pythons
  12 bats
  A giant gecko zombie (Crypt:2)
  4 giant newts
  22 goblins
  A jackal skeleton (Crypt:1)
  A kobold skeleton (Crypt:3)
  15 rats
  2 crawling corpses
  A macabre mass (Vaults:3)
  20 plants
2723 creatures vanquished.

Vanquished Creatures (collateral kills)
  the royal jelly (Slime:6)
  8 orbs of fire
  An ancient lich (Zot:5)
  Sojobo (Depths:4)
  A Killer Klown (Zot:5)
  7 golden dragons
  the Enchantress (Depths:4)
  A bone dragon (Depths:5)
  2 liches
  20 Orb Guardians (Zot:5)
  An electric golem (Zot:5)
  7 tentacled monstrosities
  A Shadow Fiend (Zot:3)
  2 sphinxes (Vaults:5)
  3 titans
  6 acid blobs
  A quicksilver dragon (Vaults:5)
  11 shadow dragons
  11 storm dragons
  4 fire giants
  Roxanne (Elf:1)
  7 tengu reavers
  3 draconian monks
  7 azure jellies (Slime:6)
  4 frost giants
  An iron dragon (Vaults:5)
  5 draconian knights
  2 deep elf sorcerers (Elf:3)
  A vault warden (Vaults:5)
  Aizul (Vaults:1)
  5 ghost moths
  3 draconian scorchers
  An emperor scorpion (Spider:4)
  4 reapers
  5 draconian zealots
  4 draconian shifters
  6 war gargoyles
  3 draconian annihilators
  An ironheart preserver (Vaults:2)
  2 spriggan defenders (Depths:4)
  11 very ugly things
  3 draconian callers (Zot:1)
  A vampire knight (Depths:3)
  10 stone giants
  6 green draconians
  6 black draconians
  2 deep elf demonologists
  2 deep elf annihilators
  7 red draconians
  A small abomination (Vaults:5)
  3 purple draconians
  9 mottled draconians
  2 white draconians
  10 yellow draconians
  2 jiangshi (Depths:3)
  An eidolon (Crypt:1)
  19 vault guards (Vaults:5)
  A green death (D:13)
  7 ettins
  14 fire dragons
  7 death oozes
  3 crystal guardians (Crypt:3)
  A merfolk impaler (Shoals:4)
  7 yaktaur captains
  5 deep elf death magi
  4 ice dragons
  2 death cobs
  2 deep elf high priests (Vaults:5)
  A ghost crab (shapeshifter) (Depths:5)
  2 great orbs of eyes
  2 rakshasas
  3 entropy weavers
  7 spriggan air magi
  2 ogre magi
  A centaur warrior (Depths:4)
  2 dancing weapons
  4 salamander stormcallers (Vaults:5)
  A vampire mage (Depths:3)
  8 deep troll shamans
  A tengu warrior (Depths:2)
  9 deep troll earth magi
  A deep elf knight (Elf:3)
  4 spriggan berserkers
  A fire crab (Vaults:5)
  2 large abominations (Vaults:5)
  An unseen horror (Vaults:1)
  5 hell knights (Depths:5)
  A soul eater (Crypt:1)
  A death drake (Zot:1)
  6 skeletal warriors
  23 deep trolls
  2 ironbrand convokers (Vaults:5)
  A shadow wraith (Vaults:2)
  2 deep elf conjurers
  2 phantasmal warriors
  4 orc knights
  A hornet (Spider:1)
  3 necromancers
  A wolf spider zombie (Crypt:1)
  2 wolf spiders
  An orb spider (Spider:4)
  17 ugly things
  3 moths of wrath
  A cyclops (D:15)
  2 eyes of devastation
  A vault sentinel (Vaults:5)
  2 rust devils
  2 shining eyes
  An orange demon (Vaults:5)
  16 yaktaurs
  2 komodo dragons (shapeshifter)
  2 tengu conjurers (Depths:4)
  2 jumping spiders
  4 red devils
  2 deep elf priests (Elf:3)
  5 demonic crawlers
  A harpy skeleton (Crypt:2)
  A freezing wraith (Vaults:1)
  71 slime creatures
  A boulder beetle (Vaults:5)
  6 two-headed ogres
  4 flying skulls
  A fire dragon zombie (Crypt:3)
  A hornet zombie (D:15)
  A trapdoor spider (Spider:1)
  An ettin zombie (Vaults:3)
  4 tarantellas
  5 ravens
  An ettin skeleton (Vaults:3)
  9 redbacks
  A human simulacrum (Vaults:3)
  7 air elementals
  A wyvern (D:15)
  4 deep elf fighters (Vaults:5)
  A water elemental (Shoals:4)
  2 spriggans (Depths:4)
  2 wraiths (Crypt:3)
  2 deep elf magi
  A golden eye (Slime:1)
  A warg (Vaults:2)
  5 vampire mosquitoes
  3 spiders
  2 orc warriors
  A swamp drake (Zot:1)
  4 centaurs (Depths:4)
  3 boggarts (Depths:4)
  2 wasps (Depths:4)
  8 ogres
  A lost soul (Elf:3)
  4 killer bees (D:9)
  5 jellies
  A worker ant (D:14)
  8 river rats (Lair:4)
  10 orcs
  3 crawling corpses (Vaults:5)
  2 plants (Depths:1)
664 creatures vanquished.

Vanquished Creatures (others)
  A tentacled monstrosity (Zot:5)
  42 eldritch tentacles
  A vault guard (Vaults:5)
  A death cob (Zot:3)
  A deep elf high priest (Elf:3)
  An ice dragon (Depths:2)
  A centaur warrior (Vaults:3)
  A necromancer (Crypt:3)
  A wolf spider (Spider:1)
  A demonic crawler (Spider:4)
  A jumping spider (Spider:2)
  A fire vortex (Vaults:3)
  A redback (Vaults:3)
  A tarantella (Spider:4)
  A chaos spawn (Elf:3)
  5 lost souls
  A scorpion (Elf:3)
  A killer bee (D:9)
  A white imp (IceCv)
  3 ufetubi (IceCv)
  3269 eldritch tentacle segments
  17 fungi
  29 plants
  274 singularities
3656 creatures vanquished.

Grand Total: 7043 creatures vanquished

Notes
Turn   | Place    | Note
--------------------------------------------------------------
     0 | D:1      | YOLOxTooMuchSWAGooEE the Felid Wizard began the quest for the Orb.
     0 | D:1      | Reached XP level 1. HP: 7/7 MP: 5/5
     7 | D:1      | Reached skill level 1 in Conjurations
   691 | D:1      | Reached XP level 2. HP: 11/11 MP: 0/7
  1099 | D:1      | Reached XP level 3. HP: 14/14 MP: 0/8
  1476 | D:1      | Learned a level 2 spell: Blink
  1479 | D:1      | Learned a level 2 spell: Repel Missiles
  1484 | D:1      | Learned a level 3 spell: Mephitic Cloud
  2040 | D:2      | Reached XP level 4. HP: 18/18 MP: 0/9
  2709 | D:2      | Reached skill level 4 in Conjurations
  3047 | D:2      | Reached XP level 5. HP: 21/21 MP: 4/10
  3388 | D:2      | Noticed an orc warrior
  3393 | D:2      | Killed an orc warrior
  3393 | D:2      | Reached skill level 5 in Conjurations
  3965 | D:3      | Gained mutation: You are covered in thick fur (AC +2). [Felid growth]
  3965 | D:3      | Reached XP level 6. HP: 24/24 MP: 11/11
  4139 | D:3      | Learned a level 3 spell: Conjure Flame
  4682 | D:4      | Found a glowing golden altar of the Shining One.
  4806 | D:4      | Reached skill level 1 in Fighting
  5709 | D:4      | Reached XP level 7. HP: 30/30 MP: 12/12
  5782 | D:5      | Entered Level 5 of the Dungeon
  6023 | D:5      | Noticed HeyJoe's ghost (experienced TeWz)
  6142 | D:5      | Killed HeyJoe's ghost
  6142 | D:5      | Reached skill level 5 in Dodging
  6487 | D:6      | Learned a level 3 spell: Dazzling Spray
  6503 | D:6      | Reached skill level 6 in Dodging
  6538 | D:6      | Found a blossoming altar of Fedhas.
  6561 | D:6      | Reached XP level 8. HP: 36/36 MP: 15/15
  6633 | D:6      | Reached skill level 1 in Hexes
  7498 | D:6      | Reached skill level 7 in Dodging
  7498 | D:6      | Reached skill level 1 in Unarmed Combat
  7830 | D:7      | Reached skill level 5 in Fighting
  8197 | D:7      | Found a staircase to the Ecumenical Temple.
  8235 | Temple   | Entered the Ecumenical Temple
  8255 | Temple   | Became a worshipper of Sif Muna the Loreminder
  8366 | D:7      | Noticed Menkaure
  8371 | D:7      | Killed Menkaure
  8371 | D:7      | Reached skill level 5 in Spellcasting
  8371 | D:7      | Reached XP level 9. HP: 40/40 MP: 17/17
  8710 | D:7      | Found a stormy altar of Qazlal.
  9049 | D:8      | Acquired Sif Muna's first power
  9159 | D:8      | Learned a level 3 spell: Confuse
 10085 | D:8      | Acquired Sif Muna's second power
 10085 | D:8      | Reached skill level 5 in Translocations
 10641 | D:9      | Reached XP level 10. HP: 42/44 MP: 15/21
 10799 | D:9      | Reached skill level 8 in Translocations
 11077 | D:9      | Found an opulent altar of Gozag.
 11171 | D:9      | Reached skill level 9 in Translocations
 11439 | D:9      | Found a shadowy altar of Dithmenos.
 11439 | D:9      | Found a white marble altar of Elyvilon.
 11531 | D:9      | Reached skill level 10 in Translocations
 11537 | D:9      | Acquired Sif Muna's third power
 11718 | D:9      | Noticed a brown ugly thing
 11734 | D:9      | Killed a brown ugly thing
 12079 | D:9      | Reached skill level 11 in Translocations
 12182 | D:10     | Entered Level 10 of the Dungeon
 12490 | D:10     | Found a staircase to the Lair.
 12496 | D:10     | Noticed a death yak
 12515 | D:10     | Noticed a hill giant
 12517 | D:10     | Reached XP level 11. HP: 36/47 MP: 7/25
 12526 | D:10     | Killed a hill giant
 12567 | D:10     | Killed a death yak
 12753 | D:10     | Reached skill level 12 in Translocations
 12921 | D:10     | Learned a level 7 spell: Controlled Blink
 13733 | Lair:1   | Entered Level 1 of the Lair of Beasts
 14288 | Lair:1   | Reached skill level 10 in Spellcasting
 14305 | Lair:1   | Noticed a five-headed hydra
 14326 | Lair:1   | Killed a five-headed hydra
 14450 | Lair:1   | Noticed Grum
 14454 | Lair:1   | You fall through a shaft!
 14587 | Lair:1   | Killed Grum
 14591 | Lair:1   | Reached skill level 13 in Translocations
 15146 | Lair:1   | Received a gift from Sif Muna
 15149 | Lair:1   | Identified Sif Muna's Almanac of Damaging Dislocation (Sif Muna gifted it to you on level 1 of the Lair of Beasts)
 15155 | Lair:1   | Learned a level 4 spell: Force Lance
 15350 | Lair:1   | Reached skill level 1 in Charms
 15661 | Lair:2   | Learned a level 3 spell: Ozocubu's Armour
 16948 | Lair:3   | Noticed an eight-headed hydra
 16957 | Lair:3   | Killed an eight-headed hydra
 16957 | Lair:3   | Reached skill level 14 in Translocations
 17156 | Lair:3   | Found a dark tunnel.
 17168 | Volcano  | Entered a volcano
 17187 | Volcano  | Found a burning altar of Makhleb.
 17189 | Volcano  | Noticed a centaur warrior
 17640 | Lair:3   | Noticed a seven-headed hydra
 17648 | Lair:3   | Killed a seven-headed hydra
 17648 | Lair:3   | Gained mutation: Your thick and shaggy fur keeps you warm (AC +3, rC+). [Felid growth]
 17648 | Lair:3   | Reached XP level 12. HP: 51/51 MP: 28/28
 17922 | Lair:3   | Noticed Harold
 17931 | Lair:3   | Killed Harold
 19296 | Lair:3   | Reached skill level 10 in Dodging
 19829 | Lair:4   | Noticed Rupert
 20027 | Lair:4   | Found a hole to the Spider Nest.
 22101 | Lair:5   | Found a staircase to the Shoals.
 22440 | Lair:5   | Found a frozen archway.
 22457 | IceCv    | Entered an ice cave
 23096 | IceCv    | Reached XP level 13. HP: 60/60 MP: 14/29
 24567 | Lair:6   | Reached skill level 1 in Ice Magic
 24571 | Lair:6   | Reached skill level 1 in Invocations
 25077 | Lair:6   | Received a gift from Sif Muna
 25163 | Lair:6   | HP: 1/60 [fire drake/blast of flame (20)]
 26706 | Lair:6   | Learned a level 4 spell: Condensation Shield
 27447 | Lair:7   | Got a bound lead ring
 27625 | Lair:8   | Entered Level 8 of the Lair of Beasts
 28819 | Lair:8   | Learned a level 2 spell: Throw Frost
 28998 | Lair:8   | Identified the ring of Plog {MR+++ Int+5 Slay+3 Stlth-} (You found it on level 7 of the Lair of Beasts)
 29181 | Lair:8   | Reached XP level 14. HP: 57/65 MP: 7/30
 29541 | Lair:8   | Reached skill level 5 in Invocations
 30035 | Lair:8   | Reached skill level 15 in Translocations
 30269 | Lair:8   | Found a staircase to the Slime Pits.
 31790 | Lair:8   | Received a gift from Sif Muna
 31791 | Lair:8   | Identified Sif Muna's Grimoire of Cold (Sif Muna gifted it to you on level 8 of the Lair of Beasts)
 34069 | D:11     | Learned a level 4 spell: Ice Form
 34372 | D:11     | Reached skill level 5 in Ice Magic
 35949 | D:12     | Found a staircase to the Orcish Mines.
 36114 | D:12     | Reached XP level 15. HP: 44/69 MP: 14/32
 36461 | D:12     | Learned a level 4 spell: Throw Icicle
 37309 | D:13     | Found Lotoll's Magic Scroll Shop.
 37324 | D:13     | Found Faewk's Armour Emporium.
 37325 | D:13     | Bought a scroll of fear for 45 gold pieces
 37325 | D:13     | Bought a scroll of teleportation for 39 gold pieces
 37334 | D:13     | Noticed Urug
 37346 | D:13     | Killed Urug
 37583 | D:13     | Found Berigg's Antique Armour Boutique.
 37747 | D:13     | Noticed Erolcha
 38102 | D:13     | Found Zeloskiz's Armour Emporium.
 38184 | Orc:1    | Entered Level 1 of the Orcish Mines
 38785 | Orc:1    | Received a gift from Sif Muna
 38786 | Orc:1    | Identified Xiolok's Reference Book on Displacement (Sif Muna gifted it to you on level 1 of the Orcish Mines)
 39237 | Orc:3    | Found Waxev's Assorted Antiques.
 39811 | Orc:4    | Entered Level 4 of the Orcish Mines
 40172 | Orc:4    | Noticed Sonja
 40183 | Orc:4    | Noticed Azrael
 40586 | Orc:3    | Found a staircase to the Elven Halls.
 40628 | Orc:4    | Killed Azrael
 41211 | Orc:4    | Found Vuphoebuma's Jewellery Shop.
 41211 | Orc:4    | Found Fuqugoteor's Food Shoppe.
 41212 | Orc:4    | Found Vialuetau's Distillery.
 41212 | Orc:4    | Found Oroetaett's Magic Scroll Boutique.
 41249 | Orc:4    | Bought a scroll of teleportation for 36 gold pieces
 41249 | Orc:4    | Bought a scroll of teleportation for 36 gold pieces
 41249 | Orc:4    | Bought a scroll of teleportation for 36 gold pieces
 41249 | Orc:4    | Bought a scroll of fear for 42 gold pieces
 41249 | Orc:4    | Bought a scroll of acquirement for 624 gold pieces
 41250 | Orc:4    | Bought a potion of heal wounds for 70 gold pieces
 41250 | Orc:4    | Bought 2 potions of heal wounds for 140 gold pieces
 41252 | Orc:4    | Bought a potion of magic for 112 gold pieces
 41915 | Spider:1 | Entered Level 1 of the Spider Nest
 41978 | Lair:4   | HP: 4/82 [poisoned by a hornet]
 41981 | Lair:4   | Succumbed to a hornet's poison
 41982 | Lair:4   | Reached XP level 14. HP: 0/78 MP: 3/41
 42403 | Spider:1 | Reached skill level 10 in Invocations
 43175 | Spider:2 | Noticed Arachne
 43215 | Spider:1 | Killed from afar by Arachne
 43216 | Spider:1 | Reached XP level 13. HP: -11/73 MP: 0/40
 43231 | Spider:1 | Killed Arachne
 43326 | Spider:2 | Noticed an emperor scorpion
 44911 | Spider:2 | Reached XP level 14. HP: 65/65 MP: 18/32
 45219 | Spider:1 | Killed an emperor scorpion
 45959 | Spider:2 | Learned a level 3 spell: Dazzling Spray
 48478 | Spider:4 | Entered Level 4 of the Spider Nest
 48716 | Spider:4 | Reached skill level 10 in Fighting
 49666 | Spider:4 | Noticed an emperor scorpion
 49863 | Spider:4 | Received a gift from Sif Muna
 49879 | Spider:4 | Identified Sif Muna's Papyrus of the Compass (Sif Muna gifted it to you on level 4 of the Spider Nest)
 50153 | Spider:3 | Learned a level 7 spell: Malign Gateway
 50556 | Spider:4 | Noticed an emperor scorpion
 50595 | Spider:3 | Killed an emperor scorpion
 51707 | Spider:4 | Killed an emperor scorpion
 51830 | Spider:4 | Reached XP level 15. HP: 69/69 MP: 21/34
 52002 | Spider:3 | Reached skill level 5 in Summonings
 52479 | Spider:4 | Noticed an emperor scorpion
 52590 | Spider:4 | Killed an emperor scorpion
 52960 | Spider:4 | Noticed a ghost moth
 53323 | Spider:4 | Killed a ghost moth
 54230 | Spider:4 | Received a gift from Sif Muna
 54248 | Spider:4 | Paralysed by an eldritch tentacle for 4 turns
 54821 | Spider:4 | Identified Sif Muna's Handbook of Poisonous Conjuration (Sif Muna gifted it to you on level 4 of the Spider Nest)
 54848 | Spider:4 | Noticed a ghost moth
 55403 | Spider:4 | Upgraded the game from 0.17-a0-1093-g0b3cd89 to 0.17-a0-1105-gbe8b664
 55792 | Spider:4 | Got a gossamer rune of Zot
 56134 | D:13     | Found Duloquug's Food Shop.
 56262 | D:13     | Killed Erolcha
 56262 | D:13     | Reached skill level 16 in Translocations
 56602 | Orc:4    | Killed Sonja
 56915 | Lair:2   | Learned a level 5 spell: Bolt of Draining
 57255 | D:14     | Reached skill level 1 in Necromancy
 59520 | D:14     | Found a gate to the Vaults.
 60428 | Elf:1    | Entered Level 1 of the Elven Halls
 61062 | Elf:1    | Reached skill level 17 in Translocations
 61295 | Elf:1    | Identified the Grimoire of the Escort
 61885 | Elf:1    | Reached XP level 16. HP: 73/73 MP: 28/35
 62326 | Elf:1    | Noticed Roxanne
 62334 | Elf:1    | Received a gift from Sif Muna
 62341 | Elf:1    | Killed Roxanne
 62350 | Elf:1    | Identified Roxanne's Volume of Shifting Earth (You took it off Roxanne on level 1 of the Elven Halls)
 62653 | Elf:2    | Reached skill level 5 in Charms
 62927 | Elf:2    | Found a deep blue altar of Sif Muna.
 64017 | Elf:2    | Found a huge runed gate.
 64017 | Elf:2    | Found a huge runed gate.
 64017 | Elf:2    | Found a huge runed gate.
 64017 | Elf:2    | Found a huge runed gate.
 64019 | Elf:2    | Found a huge runed gate.
 64175 | Elf:2    | Learned a level 6 spell: Haste
 64197 | Elf:3    | Entered Level 3 of the Elven Halls
 64407 | Elf:3    | Noticed a Shadow Fiend
 64895 | Elf:3    | Noticed a Shadow Fiend
 65042 | Elf:3    | Noticed a Brimstone Fiend
 65116 | Elf:3    | Noticed a deep elf blademaster
 65426 | Elf:2    | Reached skill level 10 in Charms
 65995 | Elf:3    | Noticed a deep elf master archer
 66048 | Elf:3    | Received a gift from Sif Muna
 66049 | Elf:3    | Identified Sif Muna's Compendium of Venomous Attacks (Sif Muna gifted it to you on level 3 of the Elven Halls)
 66080 | Elf:3    | Gained mutation: You passively map a small area around you. [mutagenic glow]
 67163 | Elf:3    | Noticed a deep elf blademaster
 67173 | Elf:3    | Killed a deep elf blademaster
 67322 | Elf:3    | Noticed a deep elf master archer
 67655 | Elf:2    | Reached skill level 15 in Spellcasting
 67729 | Elf:3    | Killed a deep elf master archer
 68603 | Elf:3    | HP: 3/73 [deep elf conjurer/bolt of fire (32)]
 69080 | Elf:2    | Killed a deep elf blademaster
 69080 | Elf:2    | Reached XP level 17. HP: 63/76 MP: 2/37
 69829 | Elf:3    | Killed a deep elf master archer
 70195 | Lair:2   | Learned a level 6 spell: Freezing Cloud
 70347 | Vaults:1 | Entered Level 1 of the Vaults
 70748 | Vaults:1 | Reached skill level 1 in Air Magic
 70749 | Vaults:1 | Slain by a vault warden
 70750 | Vaults:1 | Reached XP level 16. HP: 0/87 MP: 5/45
 70750 | Vaults:1 | Found Vomuulye's Magic Scroll Shoppe.
 70750 | Vaults:1 | Found Jitis's Jewellery Boutique.
 70752 | Vaults:1 | Bought a scroll of acquirement for 728 gold pieces
 71038 | Vaults:1 | Noticed Aizul
 71531 | Vaults:1 | Killed Aizul
 72438 | Vaults:1 | Found Boxagyakk's Weapon Boutique.
 72486 | Vaults:1 | Found Xoorascho's Antique Weapon Emporium.
 72555 | Vaults:1 | Found Hevaze's General Store.
 72689 | Vaults:1 | Received a gift from Sif Muna
 72692 | Vaults:1 | Identified Sif Muna's Papyrus of Battle Magic and Heat (Sif Muna gifted it to you on level 1 of the Vaults)
 73389 | Vaults:1 | Paralysed by a hornet for 2 turns
 73758 | Vaults:1 | Reached skill level 5 in Air Magic
 74085 | Vaults:2 | Reached skill level 10 in Conjurations
 75877 | Lair:2   | Learned a level 5 spell: Dispel Undead
 76154 | Vaults:2 | Reached XP level 17. HP: 76/76 MP: 27/38
 76747 | Vaults:2 | Found a staircase to the Crypt.
 76818 | Crypt:1  | Entered Level 1 of the Crypt
 77134 | Vaults:1 | Bought the amulet of the Four Winds {Clar rN+ MR+++} for 678 gold pieces
 77134 | Vaults:1 | Bought the ring of Midnight {Wiz Dex+5 Stlth-} for 737 gold pieces
 78161 | Crypt:1  | Noticed a lich
 78173 | Crypt:1  | Killed a lich
 82181 | Crypt:2  | Reached skill level 15 in Dodging
 82190 | Crypt:2  | Noticed a bone dragon
 82386 | Crypt:2  | Killed a bone dragon
 84959 | Crypt:1  | Noticed a lich
 84971 | Crypt:1  | Noticed an Ice Fiend
 85251 | Crypt:1  | Noticed a tentacled monstrosity
 85507 | Crypt:1  | Killed a lich
 85507 | Crypt:1  | Reached XP level 18. HP: 84/84 MP: 23/39
 85533 | Crypt:1  | Noticed a lich
 86059 | Crypt:1  | Killed a lich
 89559 | Crypt:2  | Noticed a lich
 89565 | Crypt:2  | Killed a lich
 90491 | Crypt:2  | Learned a level 3 spell: Regeneration
 90983 | Crypt:3  | Entered Level 3 of the Crypt
 90983 | Crypt:3  | Noticed DEFE's ghost (legendary TeFi)
 92112 | Crypt:3  | Killed DEFE's ghost
 92897 | Vaults:2 | Found Hoohar's Armour Shoppe.
 93135 | Vaults:2 | Reached XP level 19. HP: 35/92 MP: 0/40
 93164 | Vaults:2 | Reached skill level 15 in Fighting
 94023 | Crypt:3  | Got a scintillating pewter ring
 94730 | Crypt:3  | Received a gift from Sif Muna
 94731 | Crypt:3  | Identified Sif Muna's Disquisition on Quantum Protection (Sif Muna gifted it to you on level 3 of the Crypt)
 94908 | Crypt:3  | Got a fine jade ring
 94926 | Crypt:3  | Noticed a lich
 94980 | Crypt:3  | Killed a lich
 96132 | Crypt:3  | Got a vibrating iron ring
 96617 | Crypt:3  | Noticed a bone dragon
 96632 | Crypt:3  | Killed a bone dragon
 97432 | Crypt:3  | Identified the ring of Hucs {rC+ rN+ MR- Dex+2} (You took it off a skeletal warrior on level 3 of the Crypt)
 97434 | Crypt:3  | Identified the ring "Tabuepte" {rF- rN+ Int+5} (You took it off a skeletal warrior on level 3 of the Crypt)
 97437 | Crypt:3  | Lost strength.
 97437 | Crypt:3  | Identified the ring "Gubeq" {+Blink +Inv rN+ Str-3} (You took it off a skeletal warrior on level 3 of the Crypt)
 97683 | Crypt:3  | Noticed an ancient lich
 98127 | Vaults:2 | Found Somong's Antique Armour Shop.
 98381 | Vaults:2 | Received a gift from Sif Muna
 98589 | Vaults:2 | Found a roughly hewn altar of Beogh.
 99951 | Crypt:3  | Killed an ancient lich
 99951 | Crypt:3  | Reached skill level 18 in Spellcasting
100948 | Crypt:3  | Found an ancient bone altar of Kikubaaqudgha.
100956 | Crypt:3  | Reached XP level 20. HP: 97/97 MP: 38/43
101234 | Crypt:3  | Found a staircase to the Tomb.
102080 | Crypt:3  | Gained mutation: You evolve. [potion of beneficial mutation]
102088 | Crypt:3  | Learned a level 6 spell: Iron Shot
102105 | Crypt:3  | Identified Qywynuorr's Tome of Evil Rites
102218 | Crypt:3  | Reached skill level 1 in Earth Magic
103168 | Crypt:1  | Received a gift from Sif Muna
103280 | Crypt:1  | Identified Sif Muna's Reference Book on Confrontation (Sif Muna gifted it to you on level 1 of the Crypt)
103548 | Vaults:2 | Gained mutation: You are partially covered in rough black scales (AC +4, Dex -1). [evolution]
103614 | Vaults:2 | Reached skill level 5 in Earth Magic
105341 | Lair:2   | Learned a level 6 spell: Deflect Missiles
105808 | Vaults:3 | Found Tosaalul's Distillery.
105870 | Vaults:3 | Bought a potion of heal wounds for 95 gold pieces
105870 | Vaults:3 | Bought a potion of heal wounds for 95 gold pieces
106233 | Vaults:3 | Gained mutation: You are partially covered in large bone plates (AC +2, SH +2). [potion of beneficial mutation]
106300 | Vaults:3 | Received a gift from Sif Muna
108014 | Vaults:3 | Found a portal to a secret trove of treasure.
108588 | Vaults:3 | You paid a toll of 2 potions of cure mutation to enter a treasure trove
108589 | Trove    | Entered a treasure trove
108727 | Vaults:3 | Reached skill level 19 in Translocations
109821 | Vaults:4 | Reached XP level 21. HP: 95/101 MP: 12/44
110038 | Vaults:4 | Received a gift from Sif Muna
110053 | Vaults:4 | Identified Sif Muna's Disquisition on Enchantment (Sif Muna gifted it to you on level 4 of the Vaults)
110990 | Vaults:4 | Reached skill level 20 in Translocations
111022 | Vaults:4 | Reached XP level 22. HP: 105/105 MP: 46/46
111813 | Shoals:1 | Entered Level 1 of the Shoals
111966 | Shoals:1 | Found Hyir's Jewellery Shop.
112218 | Shoals:1 | Lost mutation: You evolve. [evolution]
112786 | Shoals:1 | Found Esiopang's Weapon Shop.
113306 | Shoals:2 | Received a gift from Sif Muna
113309 | Shoals:2 | Identified Sif Muna's Papyrus of Frigorific Attacks (Sif Muna gifted it to you on level 2 of the Shoals)
113381 | Shoals:2 | Found Aemuumiy's Alliterative Accessories.
115337 | Shoals:4 | Entered Level 4 of the Shoals
115461 | Shoals:4 | Noticed Polyphemus
115487 | Shoals:4 | Killed Polyphemus
115805 | Shoals:4 | Got a glittering amber ring
116012 | Shoals:4 | Noticed Ilsuiw
116022 | Shoals:4 | Killed Ilsuiw
116175 | Shoals:4 | Received a gift from Sif Muna
116211 | Shoals:4 | Identified the ring "Uskow" {+Fly Int+3 Dex+3 SInv} (You found it on level 4 of the Shoals)
116214 | Shoals:4 | Identified Sif Muna's Papyrus of Creation (Sif Muna gifted it to you on level 4 of the Shoals)
116336 | Shoals:4 | Noticed Louise
116380 | Shoals:4 | Killed Louise
116701 | Shoals:4 | Got a barnacled rune of Zot
117223 | D:15     | Entered Level 15 of the Dungeon
117716 | D:15     | Reached skill level 21 in Spellcasting
117770 | D:15     | Found a runed door.
118106 | Lair:2   | Learned a level 9 spell: Singularity
118721 | D:15     | Found a staircase to the Depths.
118783 | Depths:1 | Entered Level 1 of the Depths
118787 | Depths:1 | Found a gateway to Hell.
118800 | Depths:1 | Reached XP level 23. HP: 109/109 MP: 3/49
119296 | Depths:1 | Received a gift from Sif Muna
119298 | Depths:1 | Identified Sif Muna's Volume of Confrontation (Sif Muna gifted it to you on level 1 of the Depths)
119362 | Depths:1 | Found a one-way gate leading to the halls of Pandemonium.
119763 | Depths:2 | Reached skill level 22 in Translocations
120525 | Depths:2 | Reached skill level 23 in Translocations
121520 | Depths:3 | Received a gift from Sif Muna
121535 | Depths:3 | Identified Sif Muna's Reference Book on Confrontation and Companions (Sif Muna gifted it to you on level 3 of the Depths)
121716 | Depths:3 | Reached skill level 24 in Translocations
122775 | Depths:4 | Reached skill level 25 in Translocations
122787 | Depths:4 | Noticed the Enchantress
122954 | Depths:4 | Killed the Enchantress
123064 | Depths:4 | Received a gift from Sif Muna
123067 | Depths:4 | Identified Asmodeus's Tome of Supportive Confrontation (Sif Muna gifted it to you on level 4 of the Depths)
123530 | Depths:4 | Noticed Sojobo
123717 | Depths:4 | Identified Further Progress in Witchery
123952 | Depths:4 | Killed Sojobo
124056 | Depths:4 | Identified the Volume of Icy Arcane Weapons
124207 | Depths:4 | Found a gateway to a ziggurat.
124225 | Depths:4 | Reached XP level 24. HP: 108/114 MP: 49/49
124758 | Depths:4 | Got a coiled ivory amulet
124768 | Depths:4 | Found a one-way gate to the infinite horrors of the Abyss.
125120 | Lair:2   | Identified the amulet of Ashenzari's Delight {Spirit rN+ MP-9 Int+3 Dex+4} (You took it off a tengu reaver on level 4 of the Depths)
125949 | Depths:5 | Entered Level 5 of the Depths
126021 | Depths:5 | Found a flickering gateway to a bazaar.
126590 | Depths:5 | Noticed Margery
126829 | Depths:5 | Killed Margery
127094 | Depths:5 | Found a gate to the Realm of Zot.
128552 | Slime:1  | Entered Level 1 of the Pits of Slime
129524 | Vaults:1 | Bought the amulet of Bylastrag {rCorr rPois} for 436 gold pieces
129855 | Vaults:1 | Bought the ring "Fiqamem" {Fire Str+3} for 612 gold pieces
132713 | Slime:6  | Entered Level 6 of the Pits of Slime
133691 | Slime:6  | Noticed the royal jelly
133950 | Slime:6  | Found a viscous altar of Jiyva.
134012 | Slime:6  | Killed the royal jelly
134655 | Slime:6  | Got a slimy rune of Zot
134775 | Slime:6  | Got a translucent diamond amulet
134795 | Slime:6  | Identified the amulet "Vualic" {Clar *Contam rElec rPois Dex+2} (You found it on level 6 of the Pits of Slime)
135191 | Lair:2   | Learned a level 7 spell: Orb of Destruction
135477 | Vaults:5 | Entered Level 5 of the Vaults
135672 | Vaults:5 | Reached XP level 25. HP: 120/120 MP: 22/49
135792 | Vaults:5 | Received a gift from Sif Muna
136859 | Zot:1    | Entered Level 1 of the Realm of Zot
136896 | Zot:1    | Noticed an orb of fire
136911 | Zot:1    | Killed an orb of fire
137877 | Zot:1    | Reached skill level 26 in Translocations
138970 | Zot:2    | Received a gift from Sif Muna
139055 | Zot:2    | Reached skill level 27 in Translocations
139860 | Zot:2    | Identified the Volume of Summoning
140095 | Zot:2    | Gained mutation: Your mind is acute. (Int +2) [potion of beneficial mutation]
141735 | Zot:4    | Reached XP level 26. HP: 106/126 MP: 41/49
141745 | Zot:4    | Reached skill level 15 in Invocations
142765 | Zot:5    | Entered Level 5 of the Realm of Zot
143078 | Zot:5    | Reached skill level 5 in Stealth
143280 | Zot:5    | Noticed an ancient lich
143292 | Zot:5    | Killed an ancient lich
143293 | Zot:5    | Noticed an orb of fire
143308 | Zot:5    | Killed an orb of fire
143337 | Zot:5    | Reached skill level 10 in Stealth
143416 | Zot:5    | Noticed an orb of fire
143423 | Zot:5    | Noticed an orb of fire
143442 | Zot:5    | Killed an orb of fire
143498 | Zot:5    | Lost mutation: Your mind is acute. (Int +2) [mutagenic glow]
143581 | Zot:5    | Noticed an orb of fire
143604 | Zot:5    | Killed an orb of fire
143836 | Zot:5    | Noticed an orb of fire
143847 | Zot:5    | Killed an orb of fire
143914 | Zot:5    | Noticed an orb of fire
143948 | Zot:5    | Killed an orb of fire
144190 | Zot:5    | Killed an orb of fire
144262 | Zot:5    | Noticed an orb of fire
144273 | Zot:5    | Killed an orb of fire
144433 | Zot:5    | Reached skill level 15 in Stealth
144610 | Zot:5    | Got the Orb of Zot
144954 | D:13     | Noticed Uczoaffo the pandemonium lord
145068 | D:9      | Found a sacrificial altar of Ru.
145294 | D:$      | Escaped with the Orb!

Vault maps used:
D:1:      dpeg_arrival_tiny_g, serial_park_tiny_1, lexackson_kobold_supper
D:2:      minmay_shallow_snake_nest
D:3:      first_bread
D:4:      tso_altar
D:6:      fedhas_bush_and_centaur_altar
D:7:      grunt_qazlal_clouds, minmay_temple_entry_overgrown, uniq_menkaure
D:8:      grunt_livestock
D:9:      nicolae_overflow_hidden_temple, gammafunk_temple_overflow_statue,
          special_room
D:10:     dpeg_lair_monsters
D:12:     david_orc_4, serial_bayou_ford_a, billiards_dpeg
D:13:     serial_shops, shop, shop_fountains, shop, kennysheep_little_box,
          nicolae_shop_overgrown_old_shop, uniq_erolcha, uniq_urug
D:14:     grunt_vaults_entry_tiered, nicolae_snake_squiggles, minmay_orc_keep
D:15:     grunt_enter_depths_snipers, serial_park_avenue1,
          lightli_church_of_beogh
Temple:   nicolae_temple_god_jail
Lair:1:   serial_bayou_pond_e, disabler_island, lemuel_fruit_fields,
          serial_bayou_shore_b, uniq_grum
Lair:2:   serial_bayou_shore_b, lemuel_fruit_tree
Lair:3:   nicolae_volcano_entry_hallway, uniq_harold
Lair:4:   wad_woods_structure_01, nicolae_spider_entry_orb_guardian, uniq_rupert
Lair:5:   minmay_shoals_entry_beasts, portal_ice_cave_entry_imps
Lair:6:   lab_entry_generic, infiniplex_staircase_pool
Lair:8:   hangedman_lair_caniforms_friends, hangedman_lair_tendril_chambers,
          slime_dummy
Shoals:1: serial_shops, shop, nicolae_shop_trees
Shoals:2: nicolae_alphabet_shops
Shoals:4: shoals_end_hangedman, shoals_ilsuiw_alternative,
          nicolae_shoals_square_sea_wall, uniq_polyphemus, uniq_louise
Spider:1: special_room, spider_trap
Spider:2: uniq_arachne
Spider:3: guppyfry_spider_mini_3
Spider:4: guppyfry_spider_rune, spider_trap
Orc:3:    serial_shops, nicolae_shop_window_shopping, nicolae_orc_pool_cavern
Orc:4:    st_orc_ogre_mass, uniq_sonja, uniq_azrael
Elf:1:    minmay_elf_demonology, uniq_roxanne
Elf:2:    basic_altar
Elf:3:    grunt_elf_hall_diamonds, minmay_misc_feat_diagonals, st_stairs_8
Vaults:1: v_rooms_2, vaults_room_fours, v_misc_15,
          nicolae_vaults_border_crossing, ontoclasm_vaults_tryst,
          hangedman_vaults_slice, nicolae_vaults_shelves_hall,
          nicolae_vaults_angled_halls, serial_shops, shop_fountains,
          nicolae_shop_behind_doors,
          nicolae_shop_temple_entry_statues_fountains, shop, shop, uniq_aizul
Vaults:2: vaults_room_grunt_arrival_ludios, grunt_vaults_hallway_long,
          grunt_vaults_swirl, special_room_vaults, hangedman_vaults_corner,
          nicolae_vaults_angled_halls, v_misc_15, hangedman_vaults_nails,
          ontoclasm_vaults_fault, v_misc_17, nicolae_vaults_alarming,
          vaults_room_stairs_pillars, blue_anna_dwarven_crypt, serial_shops,
          nicolae_shop_crystal, shop
Vaults:3: st_star, v_misc_11, nicolae_vaults_yaktaur_gun_rack, v_pattern_4,
          vaults_standard_mumra_x, v_alt_pattern_4, v_rooms_5,
          dpeg_vaults_monster_row, nicolae_vaults_asterisk,
          vaults_room_mumra_shop_pool, grunt_vaults_diagonal,
          ontoclasm_vaults_loading_screen, nicolae_trove_entry_crystal
Vaults:4: vaults_room_boxed, hangedman_vaults_nodes, ontoclasm_vaults_pinch,
          st_cross, v_misc_3, vaults_standard_mumra_lines, v_rooms_4,
          vaults_dpeg_encased_lava
Crypt:2:  hangedman_staggered_hall
Crypt:3:  cryptofortress_bobbens
Depths:1: pan_entry, grunt_mini_vestibule, columned_hall_lemuel, spider_trap,
          serial_bayou_pond_a, lemuel_flamethrower_2
Depths:2: minmay_box_of_statues, hell_entry, nicolae_sextant,
          infiniplex_staircase_zigzag_4
Depths:3: minmay_triangles_in_corner, hell_entry, pan_entry, hex_large,
          item_on_display_a, infiniplex_staircase_9_rooms, firewood_loft
Depths:4: grunt_crosshair, enter_ziggurat_a, minmay_misc_feat_pillars,
          hell_entry, abyss_entry, uniq_sojobo, uniq_enchantress
Depths:5: grunt_zot_entry_bicorn, hangedman_coc_ice_floe, nrook_pool_corridor,
          serial_shops, bzr_in_the_mist, uniq_margery
Zot:5:    hangedman_zot_diagonal_lockstep
Trove:    trove_wands_scrolls
IceCv:    ice_cave_small_demon
Volcano:  kennysheep_volcano_temple

Action                   |  1- 3 |  4- 6 |  7- 9 | 10-12 | 13-15 | 16-18 | 19-21 | 22-24 | 25-27 || total
-------------------------+-------+-------+-------+-------+-------+-------+-------+-------+-------++-------
Melee: Unarmed           |     9 |    19 |    24 |   106 |   709 |   123 |   104 |   173 |    54 ||  1321
 Cast: Magic Dart        |    76 |   189 |   526 |   711 |    97 |       |       |       |       ||  1599
       Repel Missiles    |     1 |       |     3 |     5 |     8 |     4 |       |       |       ||    21
       Mephitic Cloud    |       |     9 |    26 |    68 |   188 |     1 |       |       |       ||   292
       Conjure Flame     |       |       |    30 |    37 |    57 |       |       |       |       ||   124
       Dazzling Spray    |       |       |     5 |   103 |    94 |       |       |       |       ||   202
       Force Lance       |       |       |       |   211 |   663 |       |       |       |       ||   874
       Confuse           |       |       |       |     6 |     4 |       |       |       |       ||    10
       Controlled Blink  |       |       |       |     2 |    17 |    39 |    10 |    20 |    19 ||   107
       Ozocubu's Armour  |       |       |       |     1 |   125 |    73 |    34 |    32 |     7 ||   272
       Throw Icicle      |       |       |       |       |   289 |       |       |       |       ||   289
       Throw Frost       |       |       |       |       |   764 |     4 |       |       |       ||   768
       Condensation Shie |       |       |       |       |   119 |    68 |    31 |    26 |     5 ||   249
       Ice Form          |       |       |       |       |   108 |    63 |    23 |     7 |     2 ||   203
       Blink             |       |       |       |       |    14 |     5 |       |       |       ||    19
       Malign Gateway    |       |       |       |       |     7 |    19 |    10 |     6 |       ||    42
       Bolt of Draining  |       |       |       |       |   138 |   319 |       |       |       ||   457
       Freezing Cloud    |       |       |       |       |       |   150 |   188 |   221 |     5 ||   564
       Haste             |       |       |       |       |       |    65 |    17 |    16 |    10 ||   108
       Dispel Undead     |       |       |       |       |       |   441 |   301 |       |       ||   742
       Regeneration      |       |       |       |       |       |     1 |     9 |    34 |    19 ||    63
       Iron Shot         |       |       |       |       |       |       |   228 |   567 |   228 ||  1023
       Deflect Missiles  |       |       |       |       |       |       |     3 |    13 |     1 ||    17
       Singularity       |       |       |       |       |       |       |       |   123 |   167 ||   290
       Orb of Destructio |       |       |       |       |       |       |       |       |     6 ||     6
Invok: Channel Energy    |       |       |       |    82 |   750 |   305 |   383 |   752 |   412 ||  2684
       Forget Spell      |       |       |       |       |     4 |     4 |     2 |       |       ||    10
 Abil: End Transformatio |       |       |       |       |     2 |     1 |       |       |     1 ||     4
Evoke: Wand              |       |       |       |     1 |     1 |     1 |       |     9 |    17 ||    29
  Use: Scroll            |       |     6 |     1 |    18 |    20 |    13 |     8 |    15 |    12 ||    93
       Potion            |       |       |       |     5 |    14 |       |     3 |     6 |    13 ||    41
 Stab: Sleeping          |     1 |     2 |       |       |     2 |       |       |       |       ||     5
       Confused          |       |       |     1 |     6 |    20 |       |       |       |       ||    27
       Invisible         |       |       |       |       |     3 |       |       |       |     2 ||     5
       Distracted        |       |       |       |       |     1 |       |       |       |     1 ||     2
  Eat: Chunk             |     9 |     7 |    11 |    36 |   179 |   107 |    95 |   184 |    82 ||   710
       Beef jerky        |       |       |       |       |    10 |     7 |     4 |     4 |     6 ||    31
       Pizza             |       |       |       |       |     1 |     1 |       |     1 |       ||     3
       Royal jelly       |       |       |       |       |     1 |       |       |       |       ||     1
       Meat ration       |       |       |       |       |       |     4 |       |     3 |     7 ||    14
